 Dungeon Crawl Stone Soup version 0.19.4 (webtiles) character file.

104 Naow the Conjurer (level 4, 0/24 HPs)
             Began as a Deep Elf Conjurer on Jan 30, 2017.
             Was an Initiate of Vehumet.
             Slain by a phantom (9 damage)
             ... on level 4 of the Dungeon.
             The game lasted 00:03:17 (2985 turns).

Naow the Conjurer (Deep Elf Conjurer)               Turns: 2985, Time: 00:03:18

Health: 0/24       AC:  3    Str:  5    XL:     4   Next: 52%
Magic:  0/12       EV: 13    Int: 21    God:    Vehumet [......]
Gold:   71         SH:  0    Dex: 15    Spells: 2 memorised, 8 levels left

rFire  . . .     SeeInvis .     j - +0 dagger
rCold  . . .     Gourm    .     a - +0 robe
rNeg   . . .     Faith    .     (no shield)
rPois  .         Spirit   .     (no helmet)
rElec  .         Reflect  .     n - +0 cloak
rCorr  .         Harm     .     (no gloves)
MR     .....                    (no boots)
Stlth  ++........               (no amulet)
                                (no ring)
                                (no ring)

@: no status effects
A: no striking features
a: Renounce Religion


You were on level 4 of the Dungeon.
You worshipped Vehumet.
Vehumet was noncommittal.
You were very hungry.

You visited 1 branch of the dungeon, and saw 4 of its levels.

You collected 71 gold pieces.

Inventory:

Hand Weapons
 j - a +0 dagger (weapon)
Armour
 a - a +0 robe (worn)
 n - a +0 cloak (worn)
Wands
 p - a wand of lightning (6/15)
Scrolls
 e - 9 scrolls of remove curse {unknown}
 f - 3 scrolls of amnesia {unknown}
 g - a scroll of immolation {unknown}
 h - 2 scrolls of fear {unknown}
 i - 3 scrolls of teleportation {unknown}
 k - 2 scrolls of identify {unknown}
 l - a scroll of random uselessness {unknown}
 s - a scroll of recharging {unknown}
 u - 2 scrolls of fog {unknown}
 v - a scroll of magic mapping {unknown}
 y - a scroll of enchant armour {unknown}
Potions
 d - a potion of ambrosia {unknown}
 o - a potion of mutation {unknown}
 q - a potion of degeneration {unknown}
 r - 2 potions of flight {unknown}
 w - 2 potions of curing {unknown}
 x - 2 potions of agility {unknown}
 A - a potion of heal wounds {unknown}
 B - a potion of berserk rage {unknown}
Books
 b - a book of Conjurations

   Spells                             Type                      Level
   a - Magic Dart                     Conjuration                  1
   b - Searing Ray                    Conjuration                  2
   c - Dazzling Spray                 Conjuration/Hexes            3
   d - Fulminant Prism                Conjuration/Hexes            4
   e - Iskenderun's Mystic Blast      Conjuration                  4
   f - Iskenderun's Battlesphere      Conjuration/Charms           5
Comestibles
 c - 2 bread rations
 m - 2 beef jerkies
 t - a meat ration
 z - 5 fruits


   Skills:
 - Level 2.4 Dodging
 - Level 2.4 Stealth
 + Level 4.4 Spellcasting
 * Level 5.9 Conjurations


You had 8 spell levels left.
You knew the following spells:

 Your Spells              Type           Power        Failure   Level  Hunger
a - Magic Dart            Conj           ####         1%          1    None
b - Searing Ray           Conj           ####..       1%          2    #......


Dungeon Overview and Level Annotations

Branches:
Dungeon (4/15)
 Temple: D:4-7

Altars:
Fedhas
Nemelex Xobeh
Vehumet
Yredelemnul


Message History

Casting: Magic Dart
Confirm with . or Enter, or press ? or * to list all spells.
Aiming: Magic Dart
Press: ? - help, Shift-Dir - straight line, f/p - phantom
Aim: a phantom (severely damaged)
The magic dart hits the phantom.
The phantom is severely damaged.
The phantom closely misses you.
A phantom is nearby!
You are too injured to fight recklessly!
You are too injured to fight recklessly!
You are too injured to fight recklessly!
You barely miss the phantom.
The phantom is severely damaged.
The phantom hits you.
The phantom blinks!
You hit the phantom but do no damage.
The phantom is severely damaged.
The phantom hits you!
You die...

#########.######.#.......####
###.........# #.#.##.#..#
....####....######.#.##.#..#
##### #.#.................#
#.#.#######.#.##.##.# #.#.#
#...#.##. #.#
#.#.#####.###.... ..#
#.#......W....##
#.#######@###.# #.# #.###.# #
#ยง....##.##.# #...........#
#######.###.###.##
.........##.# #######.....#
........##### .######.#


You could see a phantom.

Vanquished Creatures
  Jessica (D:3)
  A worker ant (D:3)
  An adder (D:3)
  A worm (D:2)
  2 dart slugs
  An orc (D:3)
  6 bats
  8 goblins
  2 hobgoblins
  3 jackals (D:1)
  4 kobolds
  A ball python (D:3)
  2 frilled lizards (D:2)
  7 rats
40 creatures vanquished.

Notes
Turn   | Place    | Note
-------+----------+-------------------------------------------
     0 | D:1      | Naow the Deep Elf Conjurer began the quest for the Orb.
     0 | D:1      | Reached XP level 1. HP: 10/10 MP: 6/6
   515 | D:1      | Reached XP level 2. HP: 15/15 MP: 0/8
  1398 | D:2      | Reached skill level 5 in Conjurations
  1819 | D:3      | Noticed Jessica
  1823 | D:3      | Killed Jessica
  1823 | D:3      | Reached XP level 3. HP: 19/19 MP: 4/10
  1945 | D:2      | Learned a level 2 spell: Searing Ray
  2196 | D:3      | Reached XP level 4. HP: 19/24 MP: 2/12
  2445 | D:3      | Found a basalt altar of Yredelemnul.
  2473 | D:3      | Found a blossoming altar of Fedhas.
  2581 | D:3      | Found a radiant altar of Vehumet.
  2596 | D:3      | Found a sparkling altar of Nemelex Xobeh.
  2673 | D:3      | Became a worshipper of Vehumet
  2736 | D:4      | Found a radiant altar of Vehumet.
  2931 | D:4      | Noticed a phantom
  2985 | D:4      | Slain by a phantom

Skill      XL: |  1  2 |
---------------+-------+-----
Conjurations   | 5 |  5.9
Spellcasting   | 4 |  4.4
Dodging        | |  2.4
Stealth        | |  2.4

Action                   |  1- 3 |  4- 6 || total
-------------------------+-------+-------++-------
Melee: Dagger            |     4 |     5 ||     9
 Cast: Magic Dart        |    60 |    23 ||    83
       Searing Ray       |     1 |     2 ||     3
  Eat: Chunk             |     4 |     1 ||     5
Armor: Robe              |     3 |       ||     3
Dodge: Dodged            |     7 |     4 ||    11
